 Dungeon Crawl Stone Soup version 0.17-a0-1950-g23d6077 (webtiles) character file.

247 RobertPalmer the Slasher (level 6, 2/37 HPs)
             Began as a Tengu Chaos Knight on Oct 2, 2015.
             Quit the game on level 4 of the Dungeon.
             The game lasted 00:10:25 (2182 turns).

RobertPalmer the Slasher (Tengu Chaos Knight)       Turns: 2182, Time: 00:10:26

Health: 2/37       AC:  6    Str: 12    XL:     6   Next: 11%
Magic:  7/7        EV: 11    Int: 12    God:    Xom [..*...]
Gold:   107        SH:  0    Dex: 16    Spells: 0 memorised, 5 levels left

rFire  . . .     SeeInvis .     a - +0 falchion (chaos)
rCold  . . .     Clarity  .     b - +2 leather armour
rNeg   . . .     SustAt   .     (no shield)
rPois  .         Gourm    .     (helmet restricted)
rElec  .         Spirit   .     (no cloak)
rCorr  .         Warding  .     m - +0 pair of gloves
rMut   .         Stasis   .     (boots unavailable)
MR     .....                    (no amulet)
Stlth  +.........               (no ring)
                                (no ring)

@: lethally poisoned (2 -> -4), very slightly contaminated, not resistant to
hostile enchantments, very unstealthy
A: beak, talons 3, able to fly 1
a: Fly, Renounce Religion


You were on level 4 of the Dungeon.
You worshipped Xom.
You were a toy of Xom.
You were very hungry.

You visited 1 branch of the dungeon, and saw 4 of its levels.

You collected 107 gold pieces.

Inventory:

Hand weapons
 a - a +0 falchion of chaos (weapon)
Armour
 b - a +2 leather armour (worn)
 m - a +0 pair of gloves (worn)
   (You found it on level 2 of the Dungeon)
Scrolls
 d - 2 scrolls of teleportation {unknown}
 e - a scroll of blinking {!r}
 g - a scroll of magic mapping {unknown}
 i - 6 scrolls of identify {unknown}
Potions
 f - 2 potions of brilliance
 h - a potion of might
Comestibles
 c - 3 bread rations {@e1}
 j - a meat ration {@e2}
 n - a slice of pizza


   Skills:
 - Level 3.0 Fighting
 + Level 7.3 Long Blades
 - Level 2.1 Armour
 - Level 1.1 Dodging


You had 5 spell levels left.
You didn't know any spells.

Dungeon Overview and Level Annotations

Branches:
Dungeon (4/15)
 Temple: D:4-7

Altars:

Shops:
D:4 [

Annotations:
D:3 Terence
D:4 Dowan


Innate Abilities, Weirdness & Mutations

You have a beak for a mouth.
You have claws for feet.
You can fly.


Message History

You hit Duvessa but do no damage. Your kick misses Duvessa.
Your peck misses Duvessa. Duvessa barely misses you.
You hit Duvessa. You burn Duvessa. Your peck misses Duvessa.
You barely miss Duvessa. You peck Duvessa, but do no damage.
Duvessa hits you with a short sword.
You take 3 damage, and have 18/32 hp.
Xom guffaws.
Duvessa resists with almost no effort.
Dowan looks frightened!
Dowan mumbles some strange words.
Dowan blinks!
You closely miss Duvessa. You peck Duvessa, but do no damage.
You are feeling very hungry.
Duvessa closely misses you.
You hit Duvessa but do no damage. You claw Duvessa.
You kill Duvessa!
You hear a distant wail of despair.
Your Long Blades skill increases to level 7!
You have reached level 6!
Your experience leads to an increase in your attributes!
Increase (S)trength, (I)ntelligence, or (D)exterity?
You feel agile.
You regained 2 hp, and now have 20/37 hp.
MP restored: 7
Found Ongiar's Armour Shoppe.
There is an entrance to Ongiar's Armour Shoppe here.
An orc comes into view.
The orc completely misses you.
You closely miss the orc. The orc hits you.
You take 3 damage, and have 20/37 hp.
You barely miss the orc. The orc barely misses you.
You hit the orc but do no damage.
The orc goes berserk!
You claw the orc, but do no damage. Your peck misses the orc.
The orc barely misses you.
You hit the orc. You claw the orc. The orc hits you.
You take 5 damage, and have 15/37 hp.
You hit the orc.
Shadowy shapes form in the air around you, then vanish.
You claw the orc.
You kill the orc!
An orc comes into view. It is wielding a short sword.
The orc shouts!
You hear a shout!
You hear a shout!
An orc comes into view. It is wielding a short sword.
You see here an orc corpse.
You butcher the orc corpse.
You see here 2 chunks of flesh {@w0}.
You hit the orc. You claw the orc.
Unknown command.
You hit the orc but do no damage. Your kick misses the orc.
An orc priest comes into view. It is wielding a falchion.
You aren't carrying any items that can be evoked.
Unknown command.
Drink which item? (? for menu, Esc to quit)
Okay, then.
Read which item? (? for menu, Esc to quit)
Okay, then.
You slash the orc!
You kill the orc!
The orc hits you but does no damage.
Things that are here:
a short sword; an orc corpse You barely miss the orc.
Your peck misses the orc. You closely miss the orc. Your peck misses the orc.
The orc priest invokes the aid of Beogh against you.
Something smites you!
* * * LOW HITPOINT WARNING * * *
The orc closely misses you.
You take 7 damage, and have 9/37 hp.
Unknown command.
Drink which item? (? for menu, Esc to quit)
It was a potion of poison.
That liquid tasted very nasty...
You are lethally poisoned!
Xom thinks this is hilarious!
* * * LOW HITPOINT WARNING * * *
You feel sick. The orc hits you but does no damage.
You take 2 damage, and have 7/37 hp.
Read which item? (? for menu, Esc to quit)
Really read
e - 2 scrolls of blinking {!r}?
Blink to where?
You are very lightly contaminated with residual magic.
As you read the scroll of blinking {!r}, it crumbles to dust.
* * * LOW HITPOINT WARNING * * *
You feel sick.
You take 1 damage, and have 6/37 hp.
* * * LOW HITPOINT WARNING * * *
You feel sick.
Dowan seems to find hidden reserves of power!
Dowan gestures wildly while chanting.
Dowan blinks!
You take 1 damage, and have 5/37 hp.
* * * LOW HITPOINT WARNING * * *
You feel sick.
You take 1 damage, and have 4/37 hp.
* * * LOW HITPOINT WARNING * * *
You feel sick.
You take 1 damage, and have 3/37 hp.
* * * LOW HITPOINT WARNING * * *
You feel sick.
You take 1 damage, and have 2/37 hp.

..........#....#.##......
.........................
....§............#.......
.......###.......#.#.....
....##..###.#....#.# #...
....###)# #..###.#.# ..
....# #.###....#.#.# .
##### #..###.#.#.#.# ##.#
#...#@#.# #.###..##.#.###
# #...........o.#.#
##...#.######o#.#
#...#.#........#
#.....#....#%###
#.#.∩.####§#o# #.....#
#.).# ##..#.# #####


There were no monsters in sight!

Vanquished Creatures
  Duvessa (D:4)
  8 adders
  2 oozes
  A worm (D:3)
  4 giant geckos
  4 orcs
  6 bats
  A giant cockroach (D:1)
  3 hobgoblins
  11 kobolds
  4 giant newts
  5 goblins
  5 jackals (D:2)
  5 rats
60 creatures vanquished.

Vanquished Creatures (collateral kills)
  A goblin (D:1)
1 creature vanquished.

Grand Total: 61 creatures vanquished

Notes
Turn   | Place    | Note
--------------------------------------------------------------
     0 | D:1      | RobertPalmer the Tengu Chaos Knight began the quest for the Orb.
     0 | D:1      | Reached XP level 1. HP: 14/14 MP: 2/2
    52 | D:1      | Reached XP level 2. HP: 17/19 MP: 3/3
   101 | D:1      | XOM: divination: detect creatures
   117 | D:1      | Reached skill level 4 in Long Blades
   333 | D:1      | XOM: divination: detect creatures
   417 | D:1      | Reached XP level 3. HP: 21/23 MP: 4/4
   548 | D:1      | XOM: mild Divn miscast
   555 | D:1      | XOM: harmless Summ miscast
   570 | D:2      | XOM: noise
   675 | D:2      | Reached skill level 5 in Long Blades
   681 | D:2      | XOM: silly message
   821 | D:1      | XOM: harmless Divn miscast
   928 | D:2      | Reached XP level 4. HP: 28/28 MP: 5/5
  1148 | D:2      | XOM: mild Air miscast
  1155 | D:2      | HP: 7/28 [poisoned by an adder]
  1231 | D:2      | XOM: silly message
  1465 | D:2      | XOM: cast spell 'Ice Form'
  1612 | D:3      | Reached skill level 6 in Long Blades
  1618 | D:3      | Gained mutation: You can fly. [Tengu growth]
  1618 | D:3      | Reached XP level 5. HP: 19/32 MP: 6/6
  1661 | D:3      | XOM: medium Divn miscast
  1831 | D:3      | Noticed Terence
  1841 | D:3      | XOM: smoke on damage
  1844 | D:3      | HP: 6/32 [Terence/wand of magic darts (6)]
  2109 | D:4      | Noticed Duvessa
  2112 | D:4      | Noticed Dowan
  2136 | D:4      | XOM: cast spell 'Cause Fear'
  2138 | D:4      | Killed Duvessa
  2138 | D:4      | Reached skill level 7 in Long Blades
  2138 | D:4      | Reached XP level 6. HP: 20/37 MP: 7/7
  2139 | D:4      | Found Ongiar's Armour Shoppe.
  2174 | D:4      | HP: 9/37 [orc priest/divine providence (8)]
  2179 | D:4      | HP: 4/37 [poison (a potion of poison)]
  2182 | D:4      | Quit the game

Vault maps used:
D:1:      dpeg_arrival_short_road
D:2:      st_stairs_5
D:3:      grunt_temple_overflow_open, portal_sewer_entry_b, uniq_terence
D:4:      serial_shops, nicolae_shop_stone, uniq_pikel, uniq_duvessa,
          uniq_menkaure

Action                   |  1- 3 |  4- 6 || total
-------------------------+-------+-------++-------
Melee: Falchion          |    77 |    98 ||   175
       Unarmed           |       |     2 ||     2
  Use: Potion            |       |     4 ||     4
       Scroll            |       |     2 ||     2
 Stab: Sleeping          |     1 |     1 ||     2
       Petrifying        |     1 |       ||     1
       Paralysed         |       |     4 ||     4
  Eat: Chunk             |       |     3 ||     3

Vault maps used:
D:1:      dpeg_arrival_short_road
D:2:      st_stairs_5
D:3:      grunt_temple_overflow_open, portal_sewer_entry_b, uniq_terence
D:4:      serial_shops, nicolae_shop_stone, uniq_pikel, uniq_duvessa,
          uniq_menkaure

Table legend:
 A = Turns spent in this place as a percentage of turns spent in the entire game.
 B = Non-inter-level travel turns spent in this place as a percentage of non-inter-level travel turns spent in the entire game.
 C = Inter-level travel turns spent in this place as a percentage of turns spent in this place.
 D = Turns resting spent in this place as a percentage of non-inter-level travel turns spent in this place.
 E = Turns spent auto-exploring this place as a percentage of non-inter-level travel turns spent in this place.
 F = Non-inter-level travel turns spent in this place divided by the number of levels of this place that you've seen.
                   A       B       C       D       E      F
               +-------+-------+-------+-------+-------+----------------------
         Total | 100.0 | 100.0 |   0.5 |   3.5 |   7.9 | 186.2
       Dungeon | 100.0 | 100.0 |   0.5 |   3.5 |   7.9 | 186.2
               +-------+-------+-------+-------+-------+----------------------

Table legend:
 A = Kills in this place as a percentage of kills in entire the game.
 B = Kills by you in this place as a percentage of kills by you in the entire game.
 C = Kills by friends in this place as a percentage of kills by friends in the entire game.
 D = Other kills in this place as a percentage of other kills in the entire game.
 E = Experience gained in this place as a percentage of experience gained in the entire game.
 F = Experience gained in this place divided by the number of levels of this place that you have seen.
                   A       B       C       D       E      F
               +-------+-------+-------+-------+-------+----------------------
         Total | 100.0 | 100.0 | 100.0 |  -nan | 100.0 |  88.2
       Dungeon | 100.0 | 100.0 | 100.0 |  -nan | 100.0 |  88.2
               +-------+-------+-------+-------+-------+----------------------
